General information
- name: BNet
- type: Ladder 1vs1/FFA
- host: Battle.net
- saver: NightElfSl00t
map: SecretValley
- players: 2
- length: 16:44
- speed: Fast
- version: 1.26 W3XP
- replay type: Public
» download(61 KB)
Players
team 1 (winner)
NightElfSl00t (
orange | 117 APM | 1957 actions | 16:44)
5 Warden
2 Shadow Strike
3 Fan of Knives
4 Keeper of the Grove
2 Entangling Roots
2 Thorns Aura
» actions
| Assign group hotkey | 72 | |
| Basic commands | 13 | |
| Build / train | 73 | |
| Enter build submenu | 19 | |
| Enter hero's abilities submenu | 9 | |
| Give item / drop item | 6 | |
| Remove unit from queue | 4 | |
| Right click | 872 | |
| Select / deselect | 396 | |
| Select group hotkey | 439 | |
| Use ability | 54 | |
1957 total
» units
| Wisp | 24 | |
| Archer | 5 | |
| Dryad | 7 | |
| Druid of the Talon | 2 | |
| Chimaera | 4 | |
42 total
» upgrades
| Abolish Magic | 1 | |
| Reinforced Hides | 2 | |
| Druid of the Talon Training | 1 | |
| Strength of the Wild | 1 | |
5 total
» buildings
| Altar of Elders | 1 | |
| Moon Well | 5 | |
| Ancient of War | 1 | |
| Ancient of Wonders | 1 | |
| Tree of Ages | 1 | |
| Hunter's Hall | 1 | |
| Ancient of Lore | 1 | |
| Tree of Eternity | 1 | |
| Ancient of Wind | 1 | |
| Chimaera Roost | 2 | |
| Tree of Life | 1 | |
16 total
» build order
00:15 Altar of Elders
00:24 Moon Well
00:40 Ancient of War
01:53 Moon Well
02:41 Ancient of Wonders
03:09 Tree of Ages
03:39 Hunter's Hall
04:36 Moon Well
05:49 Ancient of Lore
06:55 Tree of Eternity
09:52 Ancient of Wind
13:02 Chimaera Roost
13:07 Chimaera Roost
13:31 Moon Well
13:34 Moon Well
15:39 Tree of Life
» items
| Dust of Appearance | 1 | |
| Potion of Healing | 2 | |
| Staff of Preservation | 2 | |
| Orb of Venom | 1 | |
| Scroll of Town Portal | 1 | |
| Scroll of Healing | 1 | |
8 total
team 2 (loser)
3pacCHEDDADADDY (
red | 107 APM | 1787 actions | 16:40)
3 Blademaster
2 Wind Walk
1 Critical Strike
3 Shadow Hunter
1 Hex
2 Healing Wave
» actions
| Assign group hotkey | 41 | |
| Build / train | 66 | |
| Enter build submenu | 17 | |
| Enter hero's abilities submenu | 6 | |
| Remove unit from queue | 2 | |
| Right click | 896 | |
| Select / deselect | 324 | |
| Select group hotkey | 362 | |
| Use ability | 73 | |
1787 total
» units
| Peon | 9 | |
| Grunt | 12 | |
| Kodo Beast | 2 | |
| Raider | 6 | |
| Spirit Walker | 5 | |
34 total
» upgrades
» buildings
| Orc Burrow | 8 | |
| Altar of Storms | 1 | |
| Barracks | 1 | |
| Voodoo Lounge | 1 | |
| Stronghold | 3 | |
| War Mill | 1 | |
| Beastiary | 2 | |
| Spirit Lodge | 1 | |
18 total
» build order
00:09 Orc Burrow
00:12 Altar of Storms
00:33 Barracks
01:54 Orc Burrow
02:07 Voodoo Lounge
03:28 Stronghold
03:28 Stronghold
03:28 Stronghold
03:48 Orc Burrow
04:59 Orc Burrow
05:17 War Mill
06:35 Beastiary
07:11 Spirit Lodge
08:26 Beastiary
08:30 Orc Burrow
09:15 Orc Burrow
13:29 Orc Burrow
14:15 Orc Burrow
» items
| Healing Salve | 7 | |
| Lesser Clarity Potion | 4 | |
| Boots of Speed | 5 | |
| Scroll of Speed | 1 | |
17 total
Chat log
(12:55 / All) 3pacCHEDDADADDY: omg lmao
(12:58 / All) 3pacCHEDDADADDY: haha